AoeStats
← Jamdalf

Arena

509287186Analyzed
1v1 RM · 6d ago on Sep 26, 2026· 42m 5s· 2 players
Game mode
Random Map
Map size
Tiny (2 player)
Population
200
Speed
Normal
Resources
Standard
Victory
Conquest
Starting age
Dark Age
Ending age
Imperial Age
RankedLock teamsTeams togetherTeam positionsShared explorationLock speedFull tech treeHidden civsTurbo modeCheats
Victory
Defeat
🇹🇼 Spanish · Taiwan
1028
+18
🇦🇺 Bulgarians · Australia
1062
-18
艾斯
0:27 Loom
10:17 Feudal Age
13:15 Horse Collar
15:38 Castle Age
16:41 Double-Bit Axe
19:14 Husbandry
21:11 Fervor
23:42 Sanctity
29:12 Ballistics
28:48 Murder Holes
31:41 Imperial Age
30:17 Wheelbarrow
29:53 Heavy Plow
30:09 Fletching
30:58 Padded Archer Armor
32:01 Forging
32:13 Scale Barding Armor
33:39 Iron Casting
33:03 Gold Mining
33:05 Stone Mining
34:13 Bloodlines
34:27 Chain Barding Armor
34:17 Cavalier
36:10 Blast Furnace
37:17 Chemistry
36:36 Town Watch
37:39 Conscription
38:45 Conscription
39:12 Plate Barding Armor
39:38 Hand Cart
41:37 Leather Archer Armor
41:18 Bodkin Arrow
Jamdalf
10:53 Feudal Age
12:52 Loom
17:01 Castle Age
14:58 Double-Bit Axe
15:51 Horse Collar
16:43 Stone Mining
19:01 Forging
18:59 Scale Barding Armor
18:54 Scale Mail Armor
18:46 Fletching
27:16 Wheelbarrow
29:28 Hand Cart
34:53 Imperial Age
34:21 Iron Casting
34:30 Stirrups
34:55 Bloodlines
34:46 Husbandry
36:02 Conscription
37:07 Squires
36:28 Pikeman
37:24 Chain Mail Armor
38:10 Blast Furnace
37:21 Gold Mining
38:50 Plate Mail Armor
38:41 Chain Barding Armor
41:15 Plate Barding Armor
40:07 Halberdier
Connection lost

Rejoining the realm…

Still unreachable

The connection could not be restored.

Session expired

The server has moved on; the page needs a fresh start.